 Dungeon Crawl Stone Soup version 0.28-b1-25-g9875b3fc8c (webtiles) character file.

Game seed: 2812606901742093853

725 inmateoo the Cudgeller (level 7, -2/44 HPs)
             Began as a Gargoyle Warper on Feb 6, 2022.
             Slain by an adder (4 damage)
             ... on level 3 of the Dungeon.
             The game lasted 00:07:49 (4494 turns).

inmateoo the Cudgeller (Gargoyle Warper)            Turns: 4494, Time: 00:07:50

Health: -2/44      AC: 15    Str: 16    XL:     7   Next: 71%
Magic:  11/11      EV:  9    Int: 14    God:
Gold:   182        SH:  0    Dex:  9    Spells: 12/12 levels left

rFire   + . .      SeeInvis .   e - +2 spear (venom)
rCold   . . .      Faith    .   (no shield)
rNeg    + . .      Spirit   .   i - +2 scale mail {rF+}
rPois   ∞          Reflect  .   (no helmet)
rElec   +          Harm     .   (no cloak)
rCorr   .          Rampage  .   (no gloves)
Will    .....                   g - +0 pair of boots
Stlth   ..........              (no amulet)
HPRegen 0.14/turn               (no ring)
MPRegen 0.12/turn               (no ring)

@: no status effects
A: sickness immunity, AC +4, negative energy resistance 1, electricity
resistance, torment resistance 1, petrification resistance
a: no special abilities


You were on level 3 of the Dungeon.
You visited 1 branch of the dungeon, and saw 6 of its levels.

You collected 182 gold pieces.

Inventory:

Hand Weapons
 a - a +0 mace
 e - a +2 spear of venom (weapon)
 k - a +2 dagger of venom
Missiles
 d - 4 boomerangs of dispersal (quivered)
Armour
 g - a +0 pair of boots (worn)
 i - a +2 scale mail of fire resistance (worn)
Scrolls
 j - a scroll of enchant armour
Potions
 b - a potion of might
 f - 2 potions of mutation


   Skills:
 - Level 5.0 Fighting
 + Level 5.5 Maces & Flails
 - Level 0.8 Throwing
 - Level 4.0 Armour
 - Level 2.0 Dodging
 - Level 3.0 Spellcasting
 - Level 3.0 Translocations


You had 12 spell levels left.
You didn't know any spells.
Your spell library contained the following spells:

 Spells                   Type           Power      Damage    Failure   Level
 Blink                    Tloc           20%        N/A       32%         2
 Gell's Gravitas          Tloc           10%        N/A       54%         3
 Lesser Beckoning         Tloc           10%        N/A       54%         3
 Teleport Other           Tloc           10%        N/A       54%         3
 Sandblast                Erth           4%         2d4       58%         1
 Passwall                 Tmut/Erth      1%         N/A       73%         2
 Stone Arrow              Conj/Erth      4%         3d7       91%         3
 Manifold Assault         Tloc           10%        N/A       99%         5


Dungeon Overview and Level Annotations

Branches:
Dungeon (6/15)
 Temple: D:4-7

Altars:

Annotations:
D:4 Pikel


Innate Abilities, Weirdness & Mutations

You are immune to sickness and miasma.
Your stone body is resilient. (AC +4)
You are immune to poison.
You resist negative energy. (rN+)
You are resistant to electric shocks. (rElec)
You are resistant to unholy torment.
You are immune to petrification.


Message History

An orc wizard comes into view. It is wielding a +0 dagger.
The orc wizard shouts!
You hear a shout!
The endoplasm jiggles.
The bat hits you but does no damage. The endoplasm freezes you.
You are frozen.
* * * LOW HITPOINT WARNING * * *
The bat closely misses you.
The orc wizard gestures at you while chanting.
The magic dart hits you.
* * * LOW HITPOINT WARNING * * *
Okay, then.
The bat hits you but does no damage. The adder bites you but does no damage.
You open the door. The bat hits you but does no damage.
The orc wizard casts a spell at you. The magic dart hits you.
* * * LOW HITPOINT WARNING * * *
The adder bites you but does no damage. The endoplasm closely misses you.
The bat barely misses you. The bat hits you but does no damage.
There is an open door here.
The bat hits you but does no damage. The bat completely misses you.
The bat hits you but does no damage. The bat hits you but does no damage.
The bat barely misses you. The bat hits you but does no damage.
The bat closely misses you.
There is a stone staircase leading up here.
The bat hits you but does no damage. The adder bites you.
* * * LOW HITPOINT WARNING * * *
You climb upwards.
Reactivating autopickup.
There is a stone staircase leading down, spattered with blood here.
Things that are here:
a +0 robe; a +0 dagger You barely miss the adder.
The adder barely misses you. The adder bites you but does no damage.
You barely miss the adder. The adder bites you but does no damage.
You miss the adder. The adder bites you but does no damage.
The adder closely misses you.
You miss the adder. The adder bites you.
You die...

#####.##########...######.#.#
#.# ##.## #.#.# #.# #.#
#.#.## #.# ##.#######.#...
#.# ####..........#### #.#
#..)....####### #.# #.##...##
#.# #÷###)## ######### #.#
#@###.####...#.... #.#
#.S..........#.### #.#
#####.####...#.# #.# #.#
##.##.# #.# ##.#####.##.# #.#
##...##...##.## #.#
#.............# #<#
###....##....#..## #.#
#.....#....#......


You could see an adder.

Vanquished Creatures
  An ogre (D:6)
  A black bear (D:6)
  A centaur (D:6)
  2 vampire bats (D:5)
  A centaur zombie (D:5)
  A gnoll shaman (D:5)
  A hound (D:3)
  An iguana (D:5)
  An orc wizard (D:3)
  Terence (D:1)
  12 gnolls
  An adder (D:2)
  An ufetubus (D:5)
  2 worms (D:2)
  A dart slug (D:2)
  6 orcs
  7 endoplasms
  3 giant cockroaches
  4 goblins
  4 hobgoblins
  6 jackals (D:2)
  3 quokkas
  8 ball pythons
  12 bats
  3 frilled lizards
  8 kobolds
  4 rats
96 creatures vanquished.

Notes
Turn   | Place    | Note
-------+----------+-------------------------------------------
     0 | D:1      | inmateoo the Gargoyle Warper began the quest for the Orb.
     0 | D:1      | Reached XP level 1. HP: 12/12 MP: 3/3
   124 | D:1      | Reached XP level 2. HP: 17/17 MP: 5/5
   460 | D:1      | Found a faded altar of an unknown god.
   757 | D:2      | Reached XP level 3. HP: 12/22 MP: 6/6
  1130 | D:2      | Reached XP level 4. HP: 16/27 MP: 7/7
  2334 | D:3      | Noticed Terence
  2348 | D:3      | Reached XP level 5. HP: 14/32 MP: 9/9
  2571 | D:1      | Killed Terence
  3503 | D:4      | You fall into a shaft and drop 1 floor!
  3503 | D:5      | Entered Level 5 of the Dungeon
  3568 | D:5      | Reached XP level 6. HP: 26/37 MP: 10/10
  3829 | D:6      | Noticed a black bear
  3836 | D:6      | Killed a black bear
  3837 | D:6      | Reached XP level 7. HP: 30/43 MP: 11/11
  3873 | D:6      | Reached skill level 5 in Maces & Flails
  4407 | D:5      | Reached skill level 5 in Fighting
  4466 | D:4      | Noticed Pikel
  4482 | D:4      | HP: 2/44 [orc wizard/magic dart (3)]
  4489 | D:4      | HP: 2/44 [adder (1)]
  4494 | D:3      | Slain by an adder

Illustrated notes

Levels and vault maps discovered:
D:1:      ebering_trefoil_3fold, layout_basic,
          shapermc_ecumenical_altar_totnotflames
D:2:      layout_basic, st_stairs_9, minmay_ruptured
D:3:      layout_loops_ring, uniq_terence
D:4:      layout_gridville, temple_pool_b, gammafunk_ghost_grave,
          grunt_ministairs_10, uniq_pikel
D:5:      layout_basic, cheibrodos_sewer_entry_sluice, roderic_batcave
D:6:      layout_layer_cave, mainiacjoe_overflow_brackets,
          hangedman_abyss_or_decor_lesser_grid

Skill      XL: |  1  2  3  4  5  6  7 |
---------------+----------------------+-----
Armour         | 2 3 4 |  4.0
Dodging        | 2 |  2.0
Translocations | 3 |  3.0
Fighting       | 3 4 5 |  5.0
Maces & Flails | 3 4 5 |  5.5
Spellcasting   | 3 |  3.0
Throwing       | |  0.8

Action                   |  1- 3 |  4- 6 |  7- 9 || total
-------------------------+-------+-------+-------++-------
Melee: Spear             |    69 |   168 |    47 ||   284
       Punch             |     3 |     4 |       ||     7
       Dagger            |       |    84 |     5 ||    89
Throw: Boomerang         |       |       |     1 ||     1
  Use: Scroll            |     3 |     4 |     6 ||    13
       Potion            |       |       |     2 ||     2
Armor: Leather armour    |    12 |    39 |       ||    51
       Scale mail        |       |   119 |    83 ||   202
Dodge: Dodged            |    28 |   147 |    75 ||   250
